 Dungeon Crawl Stone Soup version 0.27-a0-1188-g73eefd5def (webtiles) character file.

Game seed: 10038289350388757716

372 Glokmah the Bolt Thrower (level 6, -5/37 HPs)
             Began as a Tengu Hunter on May 21, 2021.
             Splashed by Pikel's acid (12 damage)
             ... on level 4 of the Dungeon.
             The game lasted 00:08:34 (3097 turns).

Glokmah the Bolt Thrower (Tengu Hunter)             Turns: 3097, Time: 00:08:34

Health: -5/37      AC:  3    Str: 12    XL:     6   Next: 71%
Magic:  9/9        EV: 14    Int: 11    God:
Gold:   156        SH:  0    Dex: 17    Spells: 7/8 levels left

rFire    . . .     SeeInvis .   b - +11 rapier "Moig" {vorpal, rN+++ Will++ Stlth-}
rCold    . . .     Faith    .   (no shield)
rNeg     + + +     Spirit   .   c - +0 leather armour
rPois    .         Reflect  .   (helmet restricted)
rElec    .         Harm     .   (no cloak)
rCorr    .         Rampage  .   (no gloves)
Will     ++...                  (boots unavailable)
Stlth    ..........             h - amulet of regeneration
HPRegen  1.12/turn              (no ring)
MPRegen  0.11/turn              (no ring)

@: confused, ambrosia-drunk, flying quickly and evasively, quick
A: beak, talons 3, nimble flight
a: no special abilities


You were on level 4 of the Dungeon.
You visited 1 branch of the dungeon, and saw 4 of its levels.

You collected 156 gold pieces.

Inventory:

Hand Weapons
 a - a +2 hand crossbow
 b - the +11 rapier "Moig" (weapon) {vorpal, rN+++ Will++ Stlth-}
   (You acquired it on level 4 of the Dungeon)

   It inflicts extra damage upon your enemies.
   It renders you almost immune to negative energy.
   It greatly increases your willpower.
   It makes you less stealthy.
 e - a +2 whip of electrocution
Missiles
 d - 45 bolts
 q - a throwing net (quivered)
Armour
 c - a +0 leather armour (worn)
Jewellery
 g - a +6 ring of intelligence
 h - an amulet of regeneration (around neck)
Wands
 w - a wand of flame (24)
Potions
 i - a potion of degeneration {unknown}
 k - a potion of attraction {unknown}
 m - a potion of haste {unknown}
 u - a potion of berserk rage {unknown}


   Skills:
 + Level 3.5 Fighting
 * Level 0.6 Short Blades
 * Level 6.6 Crossbows
 - Level 2.1 Dodging
 - Level 1.0 Stealth
 + Level 1.7 Spellcasting
 - Level 3.0 Necromancy


You had 7 spell levels left.
You knew the following spells:

 Your Spells              Type           Power      Damage    Failure   Level
a - Animate Skeleton      Necr           14%        N/A       11%         1

Your spell library contained the following spells:

 Spells                   Type           Power      Damage    Failure   Level
 Pain                     Necr           28%        1d5       11%         1
 Vampiric Draining        Necr           3%         2d6       32%         3
 Sandblast                Erth           0%         2d4       36%         1
 Passwall                 Tmut/Erth      0%         N/A       50%         2
 Animate Dead             Necr           3%         N/A       73%         4
 Stone Arrow              Conj/Erth      0%         3d7       75%         3
 Agony                    Necr           7%         N/A       97%         5
 Petrify                  Tmut/Erth      0%         N/A       98%         4
 Lee's Rapid Deconstruct  Erth           0%         3d5*      100%        5


Dungeon Overview and Level Annotations

Branches:
Dungeon (4/15)
 Temple: D:4-7

Altars:

Annotations:
D:4 Pikel


Innate Abilities, Weirdness & Mutations

You have a beak for a mouth.
You have claws for feet.
Your magical nature lets you fly swiftly and evasively.


Message History

You kill the goblin!
g - a +6 ring of intelligence You now have 156 gold pieces (gained 25).
Things that are here:
a +0 club; a +0 ring mail A jackal comes into view.
Pikel the Slaver comes into view.
He is wielding a +2 whip of flaming and carrying a wand of acid (10).
A jackal comes into view.
The jackal barks! x2; You hear a shout!
A quokka comes into view. 2 lemures come into view.
The lemure shouts! x2
A lemure comes into view.
Pikel zaps a wand.
The bolt of acid hits you!!
You are splashed with acid!
* * * LOW HITPOINT WARNING * * *
The lemure moves out of view.
Found a scroll of magic mapping.
You aren't carrying any scrolls.
You are confused.
You feel invigorated.
A lemure comes into view.
The jackal barely misses you.
Pikel zaps a wand.
The bolt of acid misses you. The jackal closely misses you.
Pikel zaps a wand.
The bolt of acid hits the jackal!!
The jackal is splashed with acid!
The jackal dies!
The bolt of acid misses you. The jackal bites you.
* * * LOW HITPOINT WARNING * * *
The jackal barely misses you.
You bump into the rock wall.
The jackal bites you. The jackal closely misses you.
The jackal bites you but does no damage.
You're too confused to move!
The quokka closely misses you. The jackal bites you.
Pikel zaps a wand.
The bolt of acid hits the jackal!!
The jackal is splashed with acid.
The jackal dies!
The bolt of acid hits you!!
Ouch! That really hurt!
* * * LOW HITPOINT WARNING * * *
You are splashed with acid!
You die...

***************,,,***,* *
,,,,,,,,,,,..........,* *
,*,,,*,,,,,.......5.,,* *
,,,,,,,*****....5.5,,,* *
,,,,,,,* ####....?***,* ,,,,,,,*
#....5..,,,#,* ,,,,,,,*
#.##...,,,.#.## ,,.,,,**
#.#*#K###.....#******** ,*..,,*
#.# #5†@.......,,,,,,,*
,,,..,*###.###.r##.....#******,*
**#.#.##........##.....# *,*
.,.......#.)...........# *,*
...........#######.....# *,*
..##..###..# *,...## *,*
......###..# *,,.#* *,*
...........######*,,,# *,*
......###†.).....,,,,* *,*


You could see Pikel, a lemure and a quokka.

Vanquished Creatures
  A scorpion (D:4)
  A hound (D:4)
  2 orc wizards (D:3)
  6 adders
  4 gnolls (D:3)
  A worm (D:3)
  3 dart slugs (D:1)
  13 orcs
  4 ball pythons
  7 bats
  6 endoplasms
  2 giant cockroaches
  10 goblins
  6 hobgoblins
  8 jackals
  5 quokkas
  7 frilled lizards
  5 kobolds
  6 rats
97 creatures vanquished.

Vanquished Creatures (collateral kills)
  A howler monkey (D:4)
1 creature vanquished.

Vanquished Creatures (others)
  2 jackals (D:4)
2 creatures vanquished.

Grand Total: 100 creatures vanquished

Notes
Turn   | Place    | Note
-------+----------+-------------------------------------------
     0 | D:1      | Glokmah the Tengu Hunter began the quest for the Orb.
     0 | D:1      | Reached XP level 1. HP: 12/12 MP: 2/2
   194 | D:1      | Reached XP level 2. HP: 17/17 MP: 3/3
   313 | D:1      | Reached skill level 5 in Crossbows
   411 | D:1      | Reached XP level 3. HP: 22/22 MP: 4/4
   554 | D:1      | Found a faded altar of an unknown god.
  1188 | D:2      | Reached XP level 4. HP: 17/27 MP: 5/5
  1190 | D:2      | Learned a level 1 spell: Animate Skeleton
  1762 | D:3      | Reached skill level 1 in Necromancy
  1837 | D:3      | Gained mutation: Your magical nature lets you fly swiftly
                  | and evasively. [Tengu growth]
  1837 | D:3      | Reached XP level 5. HP: 31/32 MP: 6/6
  2025 | D:3      | Reached skill level 6 in Crossbows
  2030 | D:3      | Reached skill level 1 in Spellcasting
  2244 | D:3      | Noticed a sky beast
  2403 | D:3      | Reached XP level 6. HP: 37/37 MP: 8/8
  2900 | D:4      | Identified a scroll of acquirement
  2900 | D:4      | Acquired the +11 rapier "Moig" {vorpal, rN+++ Will++
                  | Stlth-}
  3089 | D:4      | Noticed Pikel
  3097 | D:4      | Splashed by Pikel's acid

Illustrated notes

Levels and vault maps discovered:
D:1:      saegor_arrival_simple_a, layout_loops_cross,
          shapermc_ecumenical_altar_mp_urbaneastern
D:2:      layout_loops_ring, dk_vineyard_3, grunt_decor_clamped,
          amethyst_killhole, grunt_ministairs_3
D:3:      minmay_recursive_quarters, layout_loops_corners,
          lightli_corner_chamber
D:4:      layout_loops_ring, uniq_pikel

Skill      XL: |  1  2  3  4  5  6 |
---------------+-------------------+-----
Crossbows      | 5 6 |  6.6
Necromancy     | 1 2 3 |  3.0
Fighting       | 3 |  3.5
Spellcasting   | 1 |  1.7
Short Blades   | |  0.6
Dodging        | |  2.1
Stealth        | |  1.0

Action                   |  1- 3 |  4- 6 || total
-------------------------+-------+-------++-------
Melee: Short sword       |     4 |       ||     4
       Kick              |     8 |    27 ||    35
       Peck              |     5 |    12 ||    17
       Whip              |    37 |   117 ||   154
       Rapier            |       |    12 ||    12
 Fire: Hand crossbow     |    34 |    12 ||    46
 Cast: Animate Skeleton  |       |     4 ||     4
  Use: Scroll            |       |    11 ||    11
       Potion            |       |     1 ||     1
 Stab: Sleeping          |     2 |     3 ||     5
Armor: Leather armour    |     9 |    37 ||    46
Dodge: Dodged            |    25 |    84 ||   109

Table legend: (Time is in decaauts)
 A = Elapsed time spent in this place.
 B = Non-inter-level travel time spent in this place.
 C = Inter-level travel time spent in this place.
 D = Time resting spent in this place.
 E = Time spent auto-exploring this place.
 F = Levels seen in this place.
 G = Mean time per level.
                   A        B        C        D        E       F      G
               +--------+--------+--------+--------+--------+-----+--------+
         Total |   3020 |   2885 |    135 |     25 |   2046 |   4 |  755.0 |
       Dungeon |   3020 |   2885 |    135 |     25 |   2046 |   4 |  755.0 |
               +--------+--------+--------+--------+--------+-----+--------+

Top non-repeatable levels by time:
     D:3: 1106 daAuts
     D:2: 891 daAuts
     D:1: 835 daAuts
     D:4: 186 daAuts
